 Dungeon Crawl Stone Soup version 0.30-a0-557-ge2afbf3030 (webtiles) character file.

Game seed: 6522687336837051693

14 Shayle the Conjurer (level 2, -2/17 HPs)
             Began as a Tengu Reaver on Dec 27, 2022.
             Frozen to death by an endoplasm (4 damage)
             ... on level 1 of the Dungeon.
             The game lasted 00:00:58 (524 turns).

Shayle the Conjurer (Tengu Reaver)                   Turns: 524, Time: 00:00:59

Health: -2/17      AC:  3    Str: 12    XL:     2   Next: 41%
Magic:  6/6        EV: 12    Int: 13    God:
Gold:   44         SH:  0    Dex: 12    Spells: 4/5 levels left

rFire   . . .      SeeInvis .    a - +0 spear
rCold   . . .      Faith    .    (no shield)
rNeg    . . .      Spirit   .    b - +0 leather armour
rPois   .          Reflect  .    (helmet restricted)
rElec   .          Harm     .    (no cloak)
rCorr   .          Rampage  .    (no gloves)
Will    .....                    (boots unavailable)
Stlth   +                        (no amulet)
HPRegen 0.22/turn                (no ring)
MPRegen 0.10/turn                (no ring)

@: lethally poisoned (-2 -> -5)
A: beak, talons 3
a: no special abilities


You were on level 1 of the Dungeon.
You visited 1 branch of the dungeon, and saw 2 of its levels.

You collected 44 gold pieces.

Inventory:

Hand Weapons
 a - a +0 spear (weapon)
Armour
 b - a +0 leather armour (worn)
Scrolls
 c - a scroll of teleportation {unknown}
 d - a scroll of identify {unknown}
 f - a scroll of torment {unknown}
 g - 2 scrolls of amnesia {unknown}
 h - a scroll of vulnerability {unknown}
Potions
 e - a potion of haste {unknown}
 i - 2 potions of brilliance {unknown}


   Skills:
 + Level 2.3 Fighting
 - Level 3.2 Polearms
 + Level 2.5 Dodging
 - Level 2.0 Spellcasting
 - Level 4.0 Conjurations
 + Level 1.2 Necromancy


You had 4 spell levels left.
You knew the following spells:

 Your Spells              Type           Power      Damage    Failure   Level
a - Kiss of Death         Conj/Necr      32%        2d7       11%         1

Your spell library contained the following spells:

 Spells                   Type           Power      Damage    Failure   Level
 Momentum Strike          Conj/Tloc      12%        3d8       22%         2
 Hailstorm                Conj/Ice       6%         3d4       38%         3


Dungeon Overview and Level Annotations

Branches:
Dungeon (2/15)

Altars:


Innate Abilities, Weirdness & Mutations

You have a beak for a mouth.
You have claws for feet.


Message History

A hobgoblin is nearby!
A giant cockroach comes into view.
You hit the giant cockroach. You claw the giant cockroach.
You kill the giant cockroach!
The hobgoblin barely misses you.
You see here a giant cockroach corpse.
You hit the hobgoblin.
You kill the hobgoblin!
A rat, an adder and an endoplasm come into view.
Found a stone staircase leading up.
The adder hisses angrily.
The endoplasm quivers.
The adder misses you.
You see here a hobgoblin corpse.
The adder misses you. The endoplasm freezes you.
You are frozen.
There is a stone staircase leading up here.
The adder bites you. The endoplasm closely misses you.
The adder closely misses you.
You climb upwards.
There is a stone staircase leading down here.
You closely miss the adder. Your peck misses the adder. The endoplasm hits you.
The adder bites you.
You are poisoned.
The adder poisons you!
You hit the adder. Your kick misses the adder.
The adder is severely wounded.
You feel sick. The endoplasm freezes you.
You are frozen.
* * * LOW HITPOINT WARNING * * *
The adder barely misses you.
You barely miss the adder. You peck the adder.
The adder is severely wounded.
* * * LOW HITPOINT WARNING * * *
You feel sick. The adder misses you. The endoplasm freezes you.
You are frozen.
You die...

##........#..#...# #.# #.#.....#.
................####.###.....###.
#................................
#..............#########..###.#..
#..........#.#.## ##.......#....
................# #..#.#...#....
.............#..####.##.#.#####..
....#........#.J.#....#.#.#####.#
............##.#@S....#.#........
....#.###...##.####.....#......##
.........†..##.######.#.###.##.##
.#.....##...##...................
.............#####'##.#.###.##..#
....##.##....# #................
..#..........# #...............#
#.#..#.#.....# #..^....#######..
#.#..#.#.....# #.......# ###


You could see an adder and an endoplasm.

Vanquished Creatures
  A dart slug (D:1)
  2 bats (D:1)
  2 giant cockroaches
  3 hobgoblins
  A ball python (D:1)
  A frilled lizard (D:1)
  A rat (D:1)
11 creatures vanquished.

Notes
Turn   | Place    | Note
-------+----------+-------------------------------------------
     0 | D:1      | Shayle the Tengu Reaver began the quest for the Orb.
     0 | D:1      | Reached XP level 1. HP: 12/12 MP: 4/4
   232 | D:1      | Reached XP level 2. HP: 16/17 MP: 6/6
   246 | D:1      | Reached skill level 1 in Necromancy
   524 | D:1      | Frozen to death by an endoplasm

Illustrated notes

Levels and vault maps discovered:
D:1:      dpeg_arrival_more_subterranean_lakeside_camping, layout_basic,
          serial_park_tiny_2
D:2:      layout_loops_ring

Skill      XL: |  1  2 |
---------------+-------+-----
Necromancy     | 1 |  1.2
Fighting       | |  2.3
Polearms       | |  3.2
Dodging        | |  2.5
Spellcasting   | |  2.0
Conjurations   | |  4.0

Action                   || total
-------------------------++-------
Melee: Spear             ||    28
       Kick              ||     8
       Peck              ||     2
 Stab: Sleeping          ||     1
Armor: Leather armour    ||     4
Dodge: Dodged            ||    22

Table legend: (Time is in decaauts)
 A = Elapsed time spent in this place.
 B = Non-inter-level travel time spent in this place.
 C = Inter-level travel time spent in this place.
 D = Time resting spent in this place.
 E = Time spent auto-exploring this place.
 F = Levels seen in this place.
 G = Mean time per level.
                   A        B        C        D        E       F      G
               +--------+--------+--------+--------+--------+-----+--------+
         Total |    522 |    495 |     27 |      0 |    392 |   2 |  261.0 |
       Dungeon |    522 |    495 |     27 |      0 |    392 |   2 |  261.0 |
               +--------+--------+--------+--------+--------+-----+--------+

Top non-repeatable levels by time:
     D:1: 507 daAuts
     D:2: 14 daAuts
